[Event "*** Titled Tuesday Blitz"]
[Site "Chess.com"]
[Date "2021.04.27"]
[Round "8"]
[White "ljuks68"]
[Black "Kale36"]
[Result "1-0"]
[WhiteElo "2440"]
[BlackElo "2274"]
[TimeControl "180+1"]
[EndTime "11:27:29 PDT"]
[Termination "ljuks68 won by resignation"]

1. e4 Nc6 2. Nf3 d6 3. d4 g6 4.
d5 Nb8 5. Nc3 Bg7 6. Be3 Nf6 7. Qd2 Ng4 8. Bf4 e5 9. dxe6 Bxe6 10.
h3 Ne5 11. Nxe5 dxe5 12. Qxd8+ Kxd8 13. Bg5+ f6 14. O-O-O+ Ke7 15. Be3 Nd7 16. Nb5 c6 17. Nc7 Rac8 18. Nxe6 Kxe6 19. Bc4+ Ke7 20. Bxa7 b6 21.
Rxd7+ Kxd7 22. Bxb6 c5 23. Bd5 Bf8 24. Rd1 Bd6 25.
a4 Ke7 26. a5 Rb8 27. Rd3 Rxb6 28. axb6 Rb8 29. b7 f5 30. Ra3 fxe4 31. Bxe4 Rf8 32. f3 Bb8 33. Kd2 Kd6 34. Ra6+ Kc7 35. Kc3 Rd8 36.
Rf6 Rd7 37. g4 Ba7 38. h4 c4 39. Kxc4 Rd4+ 40. Kb5 Rd8 41. Rf7+ Kb8 42. Rxh7 Rg8 43.
Re7 Bd4 44. c3 Bf2 45. h5 gxh5 46. gxh5 Bh4 47. Rf7 Bd8 48. h6 Rh8 49. h7 1-0

[Event "*** Titled Tuesday Blitz"]
[Site "Chess.com"]
[Date "2021.04.27"]
[Round "8"]
[White "DarkAlekhine"]
[Black "Grandelicious"]
[Result "1-0"]
[WhiteElo "2712"]
[BlackElo "2832"]
[TimeControl "180+1"]
[EndTime "11:27:31 PDT"]
[Termination "DarkAlekhine won by checkmate"]

1. e4 c5 2. Nf3 e6 3. d4 cxd4 4.
Nxd4 a6 5. Bd3 Ne7 6. O-O Nbc6 7. Nb3 g6 8. f4 d5 9. e5 Nf5 10. c3 h5 11. Qe2 Qb6+ 12. Qf2 Qxf2+ 13. Kxf2 Be7 14.
N1d2 Bd7 15. Nf3 Rc8 16. a4 f6 17. exf6 Bxf6 18. Re1 O-O 19. Nc5 Rc7 20. Nxd7 Rxd7 21.
Rxe6 d4 22. Bc4 Kg7 23. Bd2 Rc7 24. Bd3 dxc3 25. Bxc3 Bxc3 26. bxc3 Nd8 27. Rb6 Rxc3 28. Ne5 Ne7 29. g3 g5 30. Rd6 gxf4 31. Rd7 fxg3+ 32. Kxg3 Re8 33. Kh4 Kf6 34. Re1 Ndc6 35. Rd6+ Kg7 36. Rg1+ Ng6+ 37. Rgxg6+ Kf8 38. Rdf6+ Ke7 39. Nxc6+ bxc6 40. Bf5 Rc4+ 41. Kg5 Rd8 42. Rg7+ Ke8 43. Bg6# 1-0

[Event "*** Titled Tuesday Blitz"]
[Site "Chess.com"]
[Date "2021.04.27"]
[Round "8"]
[White "chessajedrezz2020"]
[Black "JoachimMouhamad"]
[Result "0-1"]
[WhiteElo "2662"]
[BlackElo "2468"]
[TimeControl "180+1"]
[EndTime "11:27:31 PDT"]
[Termination "JoachimMouhamad won by resignation"]

1. Nf3 d5 2. d4 e6 3. c4 a6 4. g3 dxc4 5. Bg2 Nc6 6. O-O Rb8 7.
e4 Be7 8. d5 Nb4 9. a3 Nd3 10.
Nc3 Nf6 11. dxe6 Bxe6 12. Ng5 Bg4 13. Qa4+ b5 14. Qxa6 Nc5 15. Qa5 Nb3 16. Qa6 Nxa1 17. e5 Nd7 18. e6 fxe6 19. Nxe6 Bxe6 20. Qxe6 Rb6 21. Bc6 Nb3 22. Be3 Rxc6 23. Qxc6 O-O 24. Rd1 Bd6 25. Qxb5 Ne5 26. f4 Qd7 27. Qd5+ Nf7 28.
Qxc4 Qe7 29. Kf2 Nc5 30. Nd5 Ne4+ 31. Kf3 Qe6 32. Qxe4 Ng5+ 33. Ke2 Nxe4 34. f5 Qe5 35. Bf4 Qxb2+ 36. Ke3 Nc5 37. Bxd6 cxd6 38. f6 Qb3+ 39.
Kf2 Qxd1 40. Ne7+ Kf7 41. fxg7 Kxg7+ 0-1

[Event "*** Titled Tuesday Blitz"]
[Site "Chess.com"]
[Date "2021.04.27"]
[Round "8"]
[White "MaevskiyNikolay"]
[Black "volunteers1998"]
[Result "1-0"]
[WhiteElo "2473"]
[BlackElo "2228"]
[TimeControl "180+1"]
[EndTime "11:27:31 PDT"]
[Termination "MaevskiyNikolay won on time"]

1. Nf3 f5 2. c4 Nf6 3. b3 g6 4. Bb2 Bg7 5. e3 O-O 6. Be2 d6 7. d4 Nc6 8. d5 Nb4 9. a3 Na6 10. b4 e5 11. dxe6 Bxe6 12. O-O h6 13. Nbd2 Qe7 14.
Qc2 Rfe8 15. Nd4 Bf7 16. Bf3 Rab8 17. Nb5 c5 18. Bc3 Nc7 19. Nxa7 Rbd8 20. Rfd1 d5 21. cxd5 Ncxd5 22. Bxd5 Rxd5 23. Nb5 Qd7 24. a4 cxb4 25. Bxb4 Ne4 26. Rab1 Rc8 27. Nc4 Rxc4 28. Rxd5 Qxd5 29. Qe2 Rc8 30. f3 Nc3 31. Qc2 Qc4 32. Nd6 Ne2+ 33.
Qxe2 Qxe2 34. Nxc8 Qxe3+ 35. Kh1 Ba2 36. Rd1 Qe2 37.
Ne7+ Kf7 38. Re1 Qb2 39. Bd6 Bc3 40. Rf1 Bb4 41. Nc8 Bxd6 42. Nxd6+ Ke6 43. Nb5 1-0

[Event "*** Titled Tuesday Blitz"]
[Site "Chess.com"]
[Date "2021.04.27"]
[Round "8"]
[White "poppy73"]
[Black "JoliyRoger"]
[Result "0-1"]
[WhiteElo "2183"]
[BlackElo "2394"]
[TimeControl "180+1"]
[EndTime "11:27:31 PDT"]
[Termination "JoliyRoger won on time"]

1. e4 c6 2. Nc3 d5 3. Nf3 Nf6 4. e5 Ne4 5. d4 Nxc3 6. bxc3 Bg4 7. h3 Bxf3 8. Qxf3 e6 9. a4 Nd7 10. c4 dxc4 11. Bxc4 Nb6 12. Qd3 Nxc4 13. Qxc4 Qd5 14.
Qxd5 cxd5 15. Rb1 O-O-O 16. Bd2 Be7 17. Ke2 Rd7 18. a5 Rc7 19. Kd3 Kd7 20. Rb2 Kc8 21.
Rhb1 Kb8 22. c3 Rhc8 23. Rb5 Rd7 24. R5b3 Rc6 25. Rb5 Bd8 26. R1b2 Kc8 27. Ra2 Bc7 28. Bc1 Rc4 29. Ba3 Ra4 30. Rb3 Rxa5 31. Rab2 Bd8 32. Bb4 Ra6 33. Bc5 b6 34. Bd6 Ra4 35. Rb4 Rxb4 36.
cxb4 Be7 37. Rc2+ Kb7 38. Bxe7 Rxe7 39. b5 Rc7 40. Rxc7+ Kxc7 41. Kc3 Kb7 42. Kb4 a5+ 0-1

[Event "*** Titled Tuesday Blitz"]
[Site "Chess.com"]
[Date "2021.04.27"]
[Round "8"]
[White "halldorgretar"]
[Black "mirochka"]
[Result "1-0"]
[WhiteElo "2133"]
[BlackElo "2191"]
[TimeControl "180+1"]
[EndTime "11:27:32 PDT"]
[Termination "halldorgretar won on time"]

1. d4 Nf6 2. c4 e6 3. Nf3 d5 4. g3 Be7 5. Bg2 dxc4 6. O-O Nc6 7. Qa4 O-O 8. Qxc4 Na5 9. Qd3 c5 10.
Rd1 c4 11. Qc2 b5 12. Ne5 Bb7 13. Bxb7 Nxb7 14. a4 a6 15. Nc6 Qc7 16. Nxe7+ Qxe7 17. axb5 axb5 18. Rxa8 Rxa8 19. Nc3 b4 20. Ne4 Qc7 21.
Nxf6+ gxf6 22. Bh6 f5 23. Qd2 Qe7 24. Qf4 Nd6 25.
Bg5 Qd7 26. Bf6 Ne8 27. Qg5+ Kf8 28. Qh6+ Kg8 29. Be5 f6 30. Bxf6 Nxf6 31. Qxf6 b3 32. Qe5 Ra2 33. d5 exd5 34. Rxd5 Qc8 35. Qe7 c3 36. Rd8+ Qxd8 37. Qxd8+ Kf7 38. Qd5+ Kg6 39. Qxb3 1-0

[Event "*** Titled Tuesday Blitz"]
[Site "Chess.com"]
[Date "2021.04.27"]
[Round "8"]
[White "salomez"]
[Black "I_am_a_Miracle"]
[Result "0-1"]
[WhiteElo "2135"]
[BlackElo "2385"]
[TimeControl "180+1"]
[EndTime "11:27:33 PDT"]
[Termination "I_am_a_Miracle won on time"]

1. e4 g6 2. d4 Bg7 3. Nc3 d6 4.
Bc4 Nf6 5. Qe2 c6 6. e5 dxe5 7. dxe5 Nd5 8. Bd2 O-O 9. O-O-O Be6 10. Nxd5 cxd5 11. Bb3 Qc7 12. f4 a5 13. a3 a4 14. Ba2 Nd7 15. Nf3 Rfc8 16. Nd4 Bf5 17. Bb4 Be4 18. Kb1 e6 19. Rhe1 Nc5 20. Nb5 Qb6 21. Nd6 Rc6 22. Bxc5 Rxc5 23. Nxe4 dxe4 24. Qxe4 Rac8 25. Re2 Rb5 26. c4 Rbc5 27. Rd6 Qc7 28. Red2 b5 29. Rd7 Qa5 30. Qb7 Bf8 31. Qa7 Qxa7 32. Rxa7 bxc4 33. Rdd7 c3 34. bxc3 Rxc3 35. Rxa4 Rc1+ 36. Kb2 R8c2+ 37. Kb3 Rc3+ 38. Kb2 R1c2+ 39. Kb1 Rxg2 40. Raa7 Rf3 0-1

[Event "*** Titled Tuesday Blitz"]
[Site "Chess.com"]
[Date "2021.04.27"]
[Round "8"]
[White "akanga001"]
[Black "Pertinhez76"]
[Result "0-1"]
[WhiteElo "1974"]
[BlackElo "2084"]
[TimeControl "180+1"]
[EndTime "11:27:33 PDT"]
[Termination "Pertinhez76 won on time"]

1. d4 Nf6 2. Nf3 c5 3. c3 e6 4.
Bg5 d5 5. e3 Qb6 6. Qc1 Nbd7 7.
Nbd2 Bd6 8. a4 a5 9. Bb5 O-O 10. O-O Ne4 11. Bh4 f5 12. Bxd7 Bxd7 13. Ne5 Be8 14.
f3 Nxd2 15. Qxd2 Rc8 16. Bf2 cxd4 17. exd4 Qb3 18. Nd3 f4 19. Nc1 Qc4 20. Be1 Bg6 21.
b3 Qa6 22. Bh4 Rf5 23. Re1 Bf7 24. Nd3 h6 25. Ne5 g5 26. Bf2 Qb6 27. Rab1 Qc7 28. Nxf7 Kxf7 29. Rec1 Qb6 30. c4 Bb4 31. Qd3 Qd6 32.
cxd5 Rxc1+ 33. Rxc1 Qxd5 34. Rc7+ Be7 35. Be1 Qd6 36. Qc3 Rd5 37. Rc8 Rxd4 38. Qxa5 Rd1 39. Qc3 Bf6 40. Qc2 Rxe1+ 0-1

[Event "*** Titled Tuesday Blitz"]
[Site "Chess.com"]
[Date "2021.04.27"]
[Round "8"]
[White "szachuspl"]
[Black "chessflav"]
[Result "0-1"]
[WhiteElo "2521"]
[BlackElo "2370"]
[TimeControl "180+1"]
[EndTime "11:27:37 PDT"]
[Termination "chessflav won by checkmate"]

1. d4 g6 2. e4 Bg7 3. Nc3 d6 4. f4 Nd7 5. Nf3 c5 6. Be3 b6 7. a4 Bb7 8. d5 Nh6 9. h3 O-O 10. g4 f5 11. g5 Nf7 12. exf5 gxf5 13. Bg2 Qe8 14. O-O e5 15. h4 exf4 16. Bxf4 Nfe5 17. Re1 Qg6 18. Nxe5 dxe5 19. h5 Qf7 20. Bh2 h6 21. g6 Qf6 22. Qf3 Rae8 23. Rad1 Qg5 24. Qg3 Qxh5 25.
d6 Bxg2 26. Qxg2 Rf6 27. Kh1 Rxg6 28. Qd5+ Kh8 29. Rg1 Nf6 30. Qc6 Rf8 31. Rxg6 Qxg6 32. d7 Rd8 33. Bxe5 Qh5+ 34. Bh2 Ng4 35. Qg2 Qh4 36. Rd2 Be5 37. Qe2 Bxh2 38. Qe8+ Kh7 39. Qf7+ Kh8 40. Qe8+ Kg7 41. Qe2 Bg3+ 42. Kg2 Qh2+ 43.
Kf3 Ne5+ 44. Ke3 Bf4# 0-1

[Event "*** Titled Tuesday Blitz"]
[Site "Chess.com"]
[Date "2021.04.27"]
[Round "8"]
[White "Iskusnyh"]
[Black "MPGM"]
[Result "0-1"]
[WhiteElo "2592"]
[BlackElo "2499"]
[TimeControl "180+1"]
[EndTime "11:27:38 PDT"]
[Termination "MPGM won on time"]

1. d4 d5 2. c4 e6 3. Nf3 c5 4.
cxd5 exd5 5. g3 Nf6 6. Bg2 Nc6 7. O-O Be7 8. dxc5 Bxc5 9. a3 Ne4 10. Nfd2 f5 11. Nc3 Be6 12. Ndxe4 dxe4 13. Bf4 O-O 14.
Rc1 Qe7 15. Nd5 Qf7 16. Rxc5 Rfd8 17. Bd6 Kh8 18. Nf4 Rd7 19. f3 exf3 20. Rxf3 Rad8 21. Rd3 Bc4 22. Bxc6 bxc6 23. Rd4 Bb3 24. Qd2 Qf6 25. e3 Rxd6 26. Rxd6 Rxd6 27. Qb4 Bg8 28. Rc1 Qe5 29. Qc5 Qe7 30. Kg2 Rd2+ 31. Kg1 Qe4 32. Qxc6 Rd1+ 33. Kf2 Rd2+ 34. Ne2 Qd3 35. Re1 Rxb2 36. Qe8 Qxa3 37. Qe5 Qa2 0-1

[Event "*** Titled Tuesday Blitz"]
[Site "Chess.com"]
[Date "2021.04.27"]
[Round "8"]
[White "c_r_e_e_p_e_r"]
[Black "zmeeed67"]
[Result "0-1"]
[WhiteElo "2402"]
[BlackElo "2561"]
[TimeControl "180+1"]
[EndTime "11:27:38 PDT"]
[Termination "zmeeed67 won on time"]

1. d4 d5 2. c4 e6 3. Nc3 c6 4.
Nf3 Nf6 5. Bg5 dxc4 6. e4 b5 7. e5 h6 8. Bh4 g5 9. Nxg5 Nd5 10. Nf3 Qa5 11. Rc1 Bb4 12. Qc2 Qxa2 13. Nd2 Nxc3 14. bxc3 Qxc2 15. Rxc2 Be7 16. Bxe7 Kxe7 17. Ne4 Nd7 18. Nd6 a5 19. Be2 Ra6 20. Bh5 f6 21.
f4 Rb6 22. Kd2 c5 23. Rb1 cxd4 24. cxd4 Ba6 25. Ke3 Rhb8 26. Ke4 a4 27. f5 fxe5 28. dxe5 Nxe5 29. Kxe5 Rxd6 30. f6+ Kd7 31. Bg4 b4 32. f7 c3 33. Rxc3 Rf8 34. Rxb4 Rxf7 35. Rxa4 Rd5+ 36. Ke4 Bb7 37. Ra7 Kd6 38. Ke3 Re5+ 39. Kd3 Rd7 40. Kc2 Be4+ 41. Kd2 Rxa7 0-1

[Event "*** Titled Tuesday Blitz"]
[Site "Chess.com"]
[Date "2021.04.27"]
[Round "8"]
[White "Andreikka"]
[Black "tapu2"]
[Result "1-0"]
[WhiteElo "2882"]
[BlackElo "2725"]
[TimeControl "180+1"]
[EndTime "11:27:40 PDT"]
[Termination "Andreikka won by resignation"]

1. d4 Nf6 2. c4 e6 3. Nc3 Bb4 4. a3 Bxc3+ 5. bxc3 c5 6. f3 Nc6 7. e4 d6 8. Bd3 cxd4 9. Ne2 dxc3 10. Be3 Ne5 11.
Nxc3 Bd7 12. O-O O-O 13. Be2 Rc8 14. Nb5 Bxb5 15. cxb5 b6 16. Qa4 d5 17. Rfd1 Qe7 18. Bd4 Nc4 19. e5 Nh5 20. g3 f6 21. exf6 Nxf6 22. Qb3 Qf7 23. a4 e5 24. Bf2 d4 25.
Rac1 Na5 26. Qxf7+ Kxf7 27. f4 Ne4 28. fxe5 Nc3 29.
Bg4 Rc4 30. Rf1 Ke7 31. Kg2 d3 32. Bf3 d2 33. Rcd1 Rxf3 34. Kxf3 Nb3 35. Be3 Nxd1 36. Rxd1 Rc1 37. Ke2 Rc2 38. Kd3 Ra2 39. Kc3 Nc5 40.
Bxc5+ bxc5 41. Kb3 c4+ 42. Kxa2 c3 43. Kb3 1-0

[Event "*** Titled Tuesday Blitz"]
[Site "Chess.com"]
[Date "2021.04.27"]
[Round "8"]
[White "volkanyirik"]
[Black "Grineva_Marianna"]
[Result "1-0"]
[WhiteElo "2422"]
[BlackElo "2241"]
[TimeControl "180+1"]
[EndTime "11:27:40 PDT"]
[Termination "volkanyirik won by checkmate"]

1. e4 c5 2. Nc3 g6 3. f4 Bg7 4.
Bc4 Nc6 5. Nf3 e6 6. O-O Nge7 7.
Qe1 O-O 8. d3 d5 9. Bb3 d4 10. Ne2 b5 11. a4 bxa4 12. Rxa4 Nb4 13. f5 exf5 14. Qh4 Bd7 15. Ra1 Nec6 16. Bg5 Qb6 17. Bh6 Nxd3 18. Ng5 Nde5 19. Bxg7 Kxg7 20. Qxh7+ Kf6 21. Nf4 Nb4 22. Ra6 Qxa6 23. exf5 Bxf5 24.
Ne4+ Ke7 25. Qh4+ Ke8 26. Nf6+ Kd8 27. Nh7+ Kc7 28. Nxf8 Nd7 29. Nxd7 Bxd7 30. Qe7 Qd6 31. Qg5 Re8 32. c3 Re3 33. cxb4 Rxb3 34. Nd5+ Kb7 35. bxc5 Qxc5 36. Rc1 Qd6 37. Rc7+ Ka6 38. h3 Rxb2 39. Qc1 Rb5 40. Qa1+ Ra5 41. Qf1+ Rb5 42. Qa1+ Ra5 43. Qxd4 Bb5 44. Qxa7# 1-0

[Event "*** Titled Tuesday Blitz"]
[Site "Chess.com"]
[Date "2021.04.27"]
[Round "8"]
[White "Zhigalko_Sergei"]
[Black "Vanina1989"]
[Result "0-1"]
[WhiteElo "2935"]
[BlackElo "2825"]
[TimeControl "180+1"]
[EndTime "11:27:41 PDT"]
[Termination "Vanina1989 won on time"]

1. e4 c6 2. d4 d5 3. e5 c5 4.
Nf3 Nc6 5. dxc5 Bg4 6. c3 e6 7. Be3 Bxf3 8. Qxf3 Nxe5 9. Bb5+ Nc6 10. O-O Qc7 11. c4 a6 12. Ba4 Nf6 13. Nc3 dxc4 14. Bf4 Qc8 15. Be3 Be7 16. Qf4 O-O 17. Qxc4 Ne5 18. Qf4 Ng6 19. Qb4 b5 20. Bc2 Rb8 21. Bxg6 hxg6 22. Rfc1 Qc6 23. Ne2 Nd5 24. Qe4 Rfc8 25.
b4 f5 26. Qb1 Bf6 27. Bd4 e5 28. Bc3 Nxc3 29. Nxc3 e4 30. Qb3+ Kh7 31. Rd1 Rd8 32. Rac1 Be5 33. Nd5 Qe6 34. f4 Bf6 35. c6 Rbc8 36.
c7 Rd6 37. Nxf6+ Qxf6 38. Rxd6 Qxd6 39. Qc3 Qxf4 40. g3 Qd6 41. Qc5 Qd2 42. Rc2 Qd1+ 43.
Kg2 Qf3+ 44. Kg1 e3 45. Qc3 Qd1+ 46. Kg2 e2 47. Kf2 Qf1+ 0-1

[Event "*** Titled Tuesday Blitz"]
[Site "Chess.com"]
[Date "2021.04.27"]
[Round "8"]
[White "Rodalquilar"]
[Black "Anton_Demchenko"]
[Result "0-1"]
[WhiteElo "2773"]
[BlackElo "2932"]
[TimeControl "180+1"]
[EndTime "11:27:41 PDT"]
[Termination "Anton_Demchenko won on time"]

1. d4 Nf6 2. Bf4 g6 3. e3 Bg7 4. Nf3 d6 5. Be2 O-O 6. O-O Nc6 7. c3 b6 8. h3 Bb7 9. Bh2 Re8 10. a4 a6 11.
Nbd2 e5 12. dxe5 dxe5 13. Nc4 Nd7 14. Qc2 e4 15. Nd4 Nce5 16. Nxe5 Nxe5 17. Rfd1 Qe7 18. Bxe5 Bxe5 19. Bc4 Kg7 20. Qe2 h5 21. Nc2 Bd6 22. Bd5 Qe5 23. f4 exf3 24. Qxf3 Bxd5 25. Rxd5 Qh2+ 26. Kf2 Re6 27. Nd4 Rf6 28. Rf5 gxf5 29. Qxa8 f4 30. e4 f3 31. Nf5+ Rxf5 32. exf5 Qg3+ 33. Ke3 fxg2+ 34. Kd2 Qf2+ 35. Kd3 Qf1+ 36. Kc2 Qxa1 37. Qxg2+ Kf6 38. Qe4 Qg1 39. Qh4+ Qg5 40. Qd4+ Kxf5 41. Qd3+ Kf6 42. Qxa6 Qf5+ 43. Kb3 Qxh3 44.
Qc8 Qxc8 0-1

[Event "*** Titled Tuesday Blitz"]
[Site "Chess.com"]
[Date "2021.04.27"]
[Round "8"]
[White "Aradhya2000"]
[Black "UmbertoConcelli"]
[Result "0-1"]
[WhiteElo "2619"]
[BlackElo "2807"]
[TimeControl "180+1"]
[EndTime "11:27:43 PDT"]
[Termination "UmbertoConcelli won by checkmate"]

1. d4 Nf6 2. c4 e6 3. Nf3 b6 4.
Nc3 Bb4 5. Qc2 Bb7 6. g3 O-O 7. Bg2 Be4 8. Qb3 Bxc3+ 9. Qxc3 d6 10. O-O Nbd7 11. Rd1 h6 12. b3 a5 13. Bf1 a4 14.
Nd2 Bb7 15. f3 d5 16. e3 c5 17. dxc5 bxc5 18. Rb1 e5 19. b4 d4 20. Qd3 e4 21.
fxe4 Ne5 22. Qe2 d3 23. Qg2 Nfg4 24. Re1 f5 25. bxc5 Bc6 26. h3 Nf6 27. Bb2 Qe7 28.
Bxe5 Qxe5 29. Bxd3 Rad8 30. Nf3 Qc7 31. Nd4 Nxe4 32.
Ne6 Nxc5 33. Nxc7 Bxg2 34. Bc2 Rd2 35. Rb5 Rxc2 36. Rxc5 Rxa2 37. Ne6 Re8 38. Nf4 Be4 39. Ra5 Rc8 40. c5 g5 41. Nh5 Kf7 42. Ra7+ Kg6 43. g4 fxg4 44. hxg4 Rg2+ 45. Kh1 Rxg4+ 46. Kh2 Kxh5 47.
Rc1 Rf8 48. Rxa4 Rf2+ 49. Kh3 Bg2+ 50. Kh2 Rxa4 51. Kg3 Rb2 52. c6 Rg4+ 53. Kh2 Bxc6+ 54. Kh3 Rh4+ 55. Kg3 Rg2# 0-1

[Event "*** Titled Tuesday Blitz"]
[Site "Chess.com"]
[Date "2021.04.27"]
[Round "8"]
[White "IANOV0007"]
[Black "ErikBlomqvist"]
[Result "1-0"]
[WhiteElo "2485"]
[BlackElo "2573"]
[TimeControl "180+1"]
[EndTime "11:27:43 PDT"]
[Termination "IANOV0007 won by resignation"]

1. Nf3 c5 2. g3 Nc6 3. Bg2 g6 4. c4 Bg7 5. Nc3 d6 6. O-O Bf5 7. h3 Nf6 8. d3 O-O 9. e4 Bd7 10.
Be3 a6 11. d4 cxd4 12. Nxd4 Nxd4 13. Bxd4 Qc8 14. Bxf6 Bxf6 15. Nd5 Bxh3 16. Nb6 Qe6 17. Nxa8 Rxa8 18. Qd5 Bxg2 19. Kxg2 Rc8 20. Rac1 Qd7 21.
b3 Rc5 22. Qd3 h5 23. f4 h4 24. Rh1 Rh5 25. Rh3 hxg3 26. Rxh5 gxh5 27. Qxg3+ Kf8 28.
Rh1 h4 29. Qh3 Qc6 30. Qf3 Ke8 31. e5 Qxf3+ 32. Kxf3 dxe5 33. fxe5 Bxe5 34. Rxh4 Bd6 35. Ke4 Kd7 36. Rh7 Ke6 37. Rh5 b6 38. Kd4 a5 39.
Ke4 Kd7 40. Rh7 Ke6 41. Rh6+ f6 42. Rh5 Kd7 43. Rd5 Ke6 44. Rh5 Kd7 45. Kd5 e6+ 46.
Kd4 Kc6 47. Rh7 f5 48. Rf7 e5+ 49. Kd3 e4+ 50. Kd4 Bc5+ 51. Kc3 Bb4+ 52. Kc2 e3 53. Kd3 Bc5 54. Rxf5 Kd6 55. Rf3 Ke5 56. Rh3 Kf4 57. Ke2 Ke4 58. Rh4+ Ke5 59. Kf3 Bd4 60. Re4+ 1-0

[Event "*** Titled Tuesday Blitz"]
[Site "Chess.com"]
[Date "2021.04.27"]
[Round "8"]
[White "MeekinsKris"]
[Black "SargissyanSargis"]
[Result "1-0"]
[WhiteElo "2225"]
[BlackElo "2337"]
[TimeControl "180+1"]
[EndTime "11:27:43 PDT"]
[Termination "MeekinsKris won by checkmate"]

1. e4 c5 2. d4 cxd4 3. c3 dxc3 4.
Nxc3 d6 5. Bc4 e6 6. Nf3 Be7 7. O-O Nf6 8. Qe2 a6 9. Rd1 Qc7 10. Bf4 Nc6 11. e5 dxe5 12. Nxe5 Nxe5 13. Bxe5 Qa5 14.
Rd3 b5 15. Bb3 O-O 16. Rg3 Bb7 17. Qe3 Kh8 18. Rxg7 Kxg7 19. Qg5+ Kh8 20. Bxf6+ Bxf6 21. Qxf6+ Kg8 22. Re1 Qd8 23. Qh6 Kh8 24. Bc2 f5 25.
Rxe6 Qd7 26. Rd6 Qg7 27. Qxg7+ Kxg7 28. Rb6 Rab8 29. f3 Rfe8 30. Kf2 Bc8 31. Rc6 Bd7 32. Rc7 Re7 33. Bxf5 Rd8 34. Nd5 Rf7 35. Be4 Be6 36.
Rc5 Bxd5 37. Bxd5 Rfd7 38. Be4 Rd2+ 39. Kg3 Rxb2 40. Rc7+ Kf6 41. Rxh7 Rxa2 42. h4 Rg8+ 43. Kf4 Rgxg2 44. h5 Rh2 45. Bg6 Rag2 46. Ra7 b4 47.
Rxa6+ Kg7 48. Rb6 Rb2 49. Kg5 Rhg2+ 50. Kf4 b3 51. Rb7+ Kh6 52. Rh7# 1-0

[Event "*** Titled Tuesday Blitz"]
[Site "Chess.com"]
[Date "2021.04.27"]
[Round "8"]
[White "Nozdrachev_Leonid"]
[Black "nrvignesh"]
[Result "0-1"]
[WhiteElo "2611"]
[BlackElo "2781"]
[TimeControl "180+1"]
[EndTime "11:27:45 PDT"]
[Termination "nrvignesh won by checkmate"]

1. e4 e5 2. Nf3 Nf6 3. Nxe5 d6 4. Nf3 Nxe4 5. Nc3 Nxc3 6. dxc3 Be7 7. Be3 O-O 8. Bd3 Nc6 9. h3 Be6 10. O-O Qd7 11. Nd4 Nxd4 12. cxd4 d5 13. Qh5 g6 14. Qh6 Rfe8 15. Bg5 Bf5 16. Rad1 Bxd3 17. Rxd3 Qf5 18. Bxe7 Rxe7 19. Qd2 Rae8 20. Rf3 Qh5 21. Re3 Rxe3 22.
fxe3 Qg5 23. Rf3 c6 24. Qf2 Qe7 25. a3 h5 26. Qg3 Kg7 27. Qf2 Rd8 28. Kh1 Rd6 29.
Kg1 Re6 30. Kh1 a5 31. Kg1 a4 32. Kh1 Re4 33. Kg1 h4 34. Kh1 g5 35. Kg1 Kg6 36. Qd2 f5 37. Qd3 Qe6 38. c3 Kg7 39. Qc2 g4 40.
hxg4 fxg4 41. Rf1 Rxe3 42. Qf2 g3 43. Qf8+ Kg6 44. Qh8 Re1 45. Qf8 Qe3+ 46. Kh1 Rxf1+ 47. Qxf1 Qf2 48. Qb1+ Kg7 49. Qd1 Kh6 50. Qc1+ Kg6 51.
Qb1+ Kf6 52. Qd1 h3 53. Qg1 Qxg1+ 54. Kxg1 h2+ 55. Kh1 Kf5 56. c4 dxc4 57. d5 cxd5 58. b4 axb3 59. a4 b2 60. a5 b1=Q# 0-1

[Event "*** Titled Tuesday Blitz"]
[Site "Chess.com"]
[Date "2021.04.27"]
[Round "8"]
[White "Sjakkerntobi"]
[Black "Vigorito-NE"]
[Result "1-0"]
[WhiteElo "2409"]
[BlackElo "2476"]
[TimeControl "180+1"]
[EndTime "11:27:45 PDT"]
[Termination "Sjakkerntobi won on time"]

1. e4 c5 2. Nf3 d6 3. d4 cxd4 4.
Qxd4 Nf6 5. Nc3 a6 6. Bg5 Nc6 7.
Qd2 e6 8. O-O-O Bd7 9. Nd4 b5 10.
f4 Be7 11. Nxc6 Bxc6 12. Bd3 b4 13. Ne2 a5 14. Qe3 O-O 15. g4 Nxg4 16. Qg3 Bxg5 17.
Qxg4 Be7 18. Rhg1 g6 19. f5 Qd7 20. Nf4 Bf6 21. fxe6 fxe6 22. Bc4 Qg7 23. Nxe6 Bxb2+ 24.
Kb1 Qe5 25. Qg5 Kh8 26. Nxf8 Rxf8 27. Qxe5+ Bxe5 28. Bd5 Bd7 29. Rdf1 Rxf1+ 30. Rxf1 Bg4 31. Rf8+ Kg7 32. Rf7+ Kh6 33. Ra7 Bxh2 34. Rxa5 Be5 35. Rb5 Kg5 36. Rxb4 h5 37. Bc4 h4 38. Bf1 h3 39.
Rb3 h2 40. Bg2 Kf4 41. a4 Be2 42. a5 Bc4 43. Rb4 Bf1 44. Bh1 Bc3 45. Rb3 Bxa5 46. Rf3+ Ke5 47. Rxf1 1-0

[Event "*** Titled Tuesday Blitz"]
[Site "Chess.com"]
[Date "2021.04.27"]
[Round "8"]
[White "ChronicUnhappiness"]
[Black "CM_rui"]
[Result "0-1"]
[WhiteElo "2320"]
[BlackElo "2507"]
[TimeControl "180+1"]
[EndTime "11:27:46 PDT"]
[Termination "CM_rui won on time"]

1. d3 Nf6 2. Nf3 Nc6 3. g3 e5 4. Bg2 d5 5. O-O Bc5 6. Nxe5 Nxe5 7. d4 Bd6 8. dxe5 Bxe5 9. c4 c6 10. cxd5 cxd5 11. Nd2 O-O 12. Nf3 Bc7 13. Be3 Re8 14.
Bd4 Bg4 15. h3 Bh5 16. Re1 Ne4 17. Qb3 Ba5 18. Red1 Qd7 19. Rac1 Rac8 20. Be3 Rxc1 21. Rxc1 Nxg3 22. fxg3 Rxe3 23. Qxe3 Bb6 24. Nd4 h6 25. b3 Qd6 26. Kh2 Qb4 27. Rd1 a5 28. Bxd5 Bg6 29. Be4 Bh5 30. Qd3 Qc5 31. g4 Bc7+ 32. Kg2 Qe5 33. Nf3 Qg3+ 34. Kf1 Qxh3+ 35. Ke1 Qg3+ 36.
Kd2 Bxg4 37. Kc2 g6 38. Bxg6 Bxf3 39. Bh7+ Kh8 40. exf3 Qf2+ 41. Rd2 Qc5+ 42. Kb1 Be5 43. Be4 Qg1+ 44. Rd1 Qf2 45. Qc2 Qe3 46. Bxb7 Bf6 47.
f4 Qxf4 48. Be4 Qe5 0-1

[Event "*** Titled Tuesday Blitz"]
[Site "Chess.com"]
[Date "2021.04.27"]
[Round "8"]
[White "McCarthyStone"]
[Black "miredenizdogan"]
[Result "0-1"]
[WhiteElo "2339"]
[BlackElo "2257"]
[TimeControl "180+1"]
[EndTime "11:27:46 PDT"]
[Termination "miredenizdogan won by resignation"]

1. Nf3 e6 2. b3 d5 3. Bb2 Nf6 4.
e3 b6 5. Be2 Bb7 6. O-O Nbd7 7.
c4 Bd6 8. Nc3 O-O 9. a3 a6 10.
d4 c5 11. Rc1 cxd4 12. Qxd4 Qe7 13. cxd5 Bxa3 14. Bxa3 Qxa3 15. dxe6 fxe6 16. Ng5 e5 17. Qc4+ Kh8 18. Nf7+ Rxf7 19. Qxf7 Rf8 20. Qc4 b5 21. Qc7 Ba8 22. Rb1 b4 23. Na4 Be4 24. Rb2 Nb8 25. f3 Bd5 26. Qc2 Nc6 27. e4 Nd4 28. Qc5 Bxb3 29. Qxf8+ Ng8 30. Qe8 Bxa4 31. Qd8 Qe3+ 32.
Kh1 Nxe2 33. Qd2 Qxd2 34. Rxd2 Nd4 35. f4 Bb5 36. Rc1 Nb3 37. Rcd1 Nxd2 38. Rxd2 exf4 39.
e5 a5 40. e6 h6 41. e7 Nf6 42. Rd8+ Kh7 43. Rb8 Be8 44. Ra8 a4 45. Kg1 b3 46.
Kf2 b2 47. Rb8 a3 48. Ke2 a2 49. Rxb2 a1=Q 50. Rd2 0-1

[Event "*** Titled Tuesday Blitz"]
[Site "Chess.com"]
[Date "2021.04.27"]
[Round "8"]
[White "AlexTriapishko"]
[Black "GM_dmitrij"]
[Result "0-1"]
[WhiteElo "2868"]
[BlackElo "2966"]
[TimeControl "180+1"]
[EndTime "11:27:48 PDT"]
[Termination "GM_dmitrij won on time"]

1. Nf3 d5 2. g3 Bg4 3. Bg2 c6 4. c4 e6 5. h3 Bh5 6. cxd5 cxd5 7. Qb3 Qb6 8. Qxb6 axb6 9. O-O Nc6 10. Nc3 Nf6 11. d3 Bxf3 12. Bxf3 Nd4 13. Bg2 Bb4 14. e3 Bxc3 15. bxc3 Ne2+ 16. Kh1 Nxc3 17. Bd2 Na4 18. e4 O-O 19. Rab1 Rfd8 20. Bg5 h6 21. Bxf6 gxf6 22. exd5 exd5 23. Rb4 d4 24. Bxb7 Ra5 25. Be4 Kg7 26. g4 Rd6 27. Rfb1 Ra6 28. Bb7 Ra7 29. Be4 Ra6 30. Bb7 Ra5 31. Be4 h5 32. Kg2 h4 33.
Bf5 Ra6 34. Bc8 Ra7 35. Bf5 Ra8 36. R4b3 Rdd8 37. Rb4 Nc3 38. R1b2 b5 39. R4b3 Ra5 40. Rc2 Rda8 41. Be4 Rxa2 42. Rcxc3 dxc3 43. Rxc3 Rb8 44. Rc7 b4 45. Bd5 b3 46. Bxf7 Kh8 47. Bc4 Ra4 48.
Bd5 b2 0-1

[Event "*** Titled Tuesday Blitz"]
[Site "Chess.com"]
[Date "2021.04.27"]
[Round "8"]
[White "starworld123"]
[Black "Sam_ChessMood"]
[Result "0-1"]
[WhiteElo "2767"]
[BlackElo "2912"]
[TimeControl "180+1"]
[EndTime "11:27:48 PDT"]
[Termination "Sam_ChessMood won by resignation"]

1. e4 e5 2. Nf3 Nc6 3. Bb5 a6 4. Ba4 Nf6 5. O-O b5 6. Bb3 Bc5 7. Nxe5 Nxe5 8. d4 Bxd4 9. Qxd4 d6 10. Nc3 c5 11. Qd1 c4 12. f4 Ng6 13. e5 dxe5 14.
fxe5 Qxd1 15. Rxd1 Ng4 16. Nd5 O-O 17. Nb6 Rb8 18.
Nxc4 bxc4 19. Bxc4 N4xe5 20. Bf1 Bf5 21. c3 a5 22. b3 a4 23. bxa4 Rfc8 24. a5 Rxc3 25. a6 h6 26. a4 Bd3 27. a7 Ra8 28. Bb2 Rb3 29. Bd4 Bxf1 30. Kxf1 Nc6 31. Bf2 Nxa7 32. Rac1 Ne5 33. Rc7 Nac6 34. Rd6 Rxa4 35. Rcxc6 Nxc6 36. Rxc6 Ra1+ 37. Ke2 Ra2+ 38. Kf1 Rb1+ 39. Be1 f6 40. Rc8+ Kf7 41. Rc4 Ke6 42. Re4+ Kf5 43. Re7 g5 44. h3 h5 45. Re8 h4 46. Rc8 Raa1 47. Re8 Rb5 48.
Kf2 Re5 49. Rxe5+ fxe5 0-1